 Dungeon Crawl Stone Soup version 0.21.1-1-g345015fe64 (webtiles) character file.

57 LevaFresel the Bolt Thrower (level 4, -3/27 HPs)
             Began as a Kobold Hunter on June 7, 2018.
             Slain by a gnoll
             ... wielding a +0 club
              (7 damage)
             ... on level 1 of the Dungeon.
             The game lasted 00:07:59 (1572 turns).

LevaFresel the Bolt Thrower (Kobold Hunter)         Turns: 1572, Time: 00:07:59

Health: -3/27      AC:  3    Str: 10    XL:     4   Next: 18%
Magic:  4/4        EV: 15    Int: 12    God:
Gold:   40         SH:  0    Dex: 15    Spells: 3/3 levels left

rFire    . . .     SeeInvis .   b - +0 short sword
rCold    . . .     Gourm    .   (shield restricted)
rNeg     . . .     Faith    .   c - +0 leather armour
rPois    .         Spirit   .   (no helmet)
rElec    .         Reflect  .   (no cloak)
rCorr    .         Harm     .   (no gloves)
MR       .....                  (no boots)
Stlth    ++........             (no amulet)
HPRegen  0.09/turn              (no ring)
MPRegen  0.09/turn              (no ring)

@: no status effects
A: small, carnivore
a: no special abilities


You were on level 1 of the Dungeon.
You were completely stuffed.

You visited 1 branch of the dungeon, and saw 2 of its levels.

You collected 40 gold pieces.

Inventory:

Hand Weapons
 a - a +1 hand crossbow
 b - a +0 short sword (weapon)
 k - a +2 short sword of protection
Missiles
 d - 19 bolts
 h - a throwing net (quivered)
Armour
 c - a +0 leather armour (worn)
Jewellery
 l - an uncursed ring of resist corrosion {unknown}
Scrolls
 e - a scroll of noise {unknown}
 g - a scroll of teleportation {unknown}
 i - a scroll of identify {unknown}
 n - a scroll of magic mapping {unknown}
Potions
 j - a potion of lignification {unknown}
Comestibles
 f - a ration


   Skills:
 + Level 2.5 Fighting
 + Level 1.7 Short Blades
 * Level 5.4 Crossbows
 + Level 0.8 Armour
 + Level 2.9 Dodging
 - Level 2.0 Stealth


You had 3 spell levels left.
You didn't know any spells.

Dungeon Overview and Level Annotations

Branches:
Dungeon (2/15)

Altars:


Innate Abilities, Weirdness & Mutations

You are small and have problems with some larger weapons.
You are carnivorous and can eat meat at any time.


Message History

Eating a chunk of flesh.
You eat the chunk of flesh.
This raw flesh tastes great.
HP restored.
You climb downwards.
The gnoll closely misses you. The gnoll misses you.
There is a stone staircase leading up here.
You hit the gnoll but do no damage. The gnoll hits you with a club.
The gnoll hits you with a spear.
You closely miss the gnoll. The gnoll hits you. The gnoll closely misses you.
The gnoll misses you. The gnoll hits you but does no damage.
The gnoll closely misses you. The gnoll hits you with a spear.
You climb upwards.
There is a stone staircase leading down here.
You hit the gnoll.
The gnoll is moderately wounded.
The gnoll hits you but does no damage. The gnoll hits you with a club.
* * * LOW HITPOINT WARNING * * *
The gnoll hits you but does no damage. The gnoll barely misses you.
The gnoll hits you with a club!
You die...

#...##### #.# #.# ###.......#
#.# #.# ......###.####.# #.#
#####..........### #.#
.......##........#####.######
#####..................##...#
############.#####.....(# #g#
#.##...# #@# #.###.##
#g#####...#.# #.g..#......#
####.#......# #.#......##
#.##......## #.###..#.#.##
#.# #.##.##.# #.# #.#..##.#


You could see 3 gnolls.

Vanquished Creatures
  A gnoll (D:2)
  An adder (D:2)
  A worm (D:2)
  2 dart slugs (D:1)
  A leopard gecko (D:1)
  2 giant cockroaches
  2 goblins (D:1)
  3 hobgoblins
  2 jackals (D:1)
  5 kobolds
  8 bats
  2 rats (D:1)
30 creatures vanquished.

Notes
Turn   | Place    | Note
-------+----------+-------------------------------------------
     0 | D:1      | LevaFresel the Kobold Hunter began the quest for the Orb.
     0 | D:1      | Reached XP level 1. HP: 12/12 MP: 1/1
   110 | D:1      | Reached XP level 2. HP: 14/17 MP: 2/2
   179 | D:1      | Reached skill level 5 in Crossbows
   554 | D:1      | Reached skill level 1 in Short Blades
   786 | D:2      | Reached XP level 3. HP: 22/22 MP: 3/3
  1338 | D:2      | Reached XP level 4. HP: 18/27 MP: 4/4
  1572 | D:1      | Slain by a gnoll

Skill      XL: |  1  2  3 |
---------------+----------+-----
Crossbows      | 5 |  5.4
Short Blades   | 1 |  1.7
Stealth        | 2 |  2.0
Fighting       | |  2.5
Armour         | |  0.8
Dodging        | |  2.9

Action                   |  1- 3 |  4- 6 || total
-------------------------+-------+-------++-------
Melee: Short sword       |   139 |     3 ||   142
 Fire: Hand crossbow     |     5 |       ||     5
  Eat: Chunk             |    10 |     1 ||    11
Armor: Leather armour    |    45 |     3 ||    48
Dodge: Dodged            |   161 |     6 ||   167
